 Dungeon Crawl Stone Soup version 0.31-a0-986-g5e6e4ef867 (webtiles) character file.

Game seed: 8091400895984915761

2883 TrayleKats the Cleaver (level 9, 0/83 HPs)
             Began as a Minotaur Fighter on Nov 15, 2023.
             Was a Believer of Ru.
             Slain by an orc warrior
             ... wielding a +0 trident
              (11 damage)
             ... on level 8 of the Dungeon on Nov 21, 2023.
             The game lasted 00:08:40 (7601 turns).

TrayleKats the Cleaver (Minotaur Fighter)           Turns: 7601, Time: 00:08:42

Health: 0/83       AC: 13    Str: 25 (26) XL:     9   Next: 48%
Magic:  8/8        EV:  6    Int:  2 (5)  God:    Ru [**....]
Gold:   452        SH:  4    Dex:  6 (9)  Spells: 8/8 levels left

rFire   . . .        a - +0 war axe
rCold   . . .        c - +0 buckler
rNeg    . . .        A - +0 plate armour
rPois   .            (helmet restricted)
rElec   .            I - +0 cloak
rCorr   .            (no gloves)
SInv    .            y - +0 pair of boots
Will    .....        B - amulet of regeneration Stlth
                     (no ring)
HPRegen 1.13/turn    (no ring)
MPRegen 0.11/turn

%: no passive effects
@: mighty, spiked, invisible
A: horns 2, hated by all, retaliatory headbutt, no forms
a: Renounce Religion


You were on level 8 of the Dungeon.
You worshipped Ru.
Ru was pleased with you.
You visited 1 branch of the dungeon, and saw 8 of its levels.

You collected 452 gold pieces.

Inventory:

Hand Weapons
 a - a +0 war axe (weapon)
Missiles
 l - 5 boomerangs (quivered)
 s - 5 datura-tipped darts
 G - a throwing net
Armour
 c - a +0 buckler (worn)
 y - a +0 pair of boots (worn)
 A - a +0 plate armour (worn)
 I - a +0 cloak (worn)
Jewellery
 B - an amulet of regeneration (around neck)
 F - a ring of magical power
 H - a ring of ice
Wands
 E - a wand of paralysis (4)
Scrolls
 b - 2 scrolls of revelation {unknown}
 h - a scroll of teleportation {unknown}
 i - 4 scrolls of identify {unknown}
 j - 4 scrolls of torment {unknown}
 o - 4 scrolls of enchant armour {unknown}
 q - 2 scrolls of blinking {unknown}
 r - 2 scrolls of noise {unknown}
 t - 2 scrolls of fear {unknown}
 w - 2 scrolls of immolation {unknown}
 x - a scroll of enchant weapon {unknown}
 C - a scroll of fog {unknown}
 J - a scroll of silence {unknown}
 K - a scroll of brand weapon {unknown}
Potions
 d - a potion of might
 e - a potion of enlightenment {unknown}
 f - 2 potions of resistance {unknown}
 g - 2 potions of attraction {unknown}
 k - 3 potions of invisibility
 m - 2 potions of curing {unknown}
 n - 2 potions of degeneration
 p - 2 potions of lignification {unknown}
 u - 2 potions of berserk rage {unknown}
 v - a potion of heal wounds {unknown}
 z - a potion of magic {unknown}
 D - a potion of brilliance {unknown}


   Skills:
 + Level 9.1 Fighting
 * Level 11.9 Axes
 + Level 5.1 Throwing
 - Level 3.6 Armour
 - Level 3.6 Shields


You had 8 spell levels left.
You didn't know any spells.
Your spell library contained the following spells:

 Spells                   Type           Power      Damage    Failure   Level
 Blink                    Tloc           0%         N/A       100%        2
 Ensorcelled Hibernation  Hex/Ice        0%         N/A       100%        2
 Lesser Beckoning         Tloc           0%         N/A       100%        2
 Momentum Strike          Conj/Tloc      0%         3d8       100%        2
 Passwall                 Tmut/Erth      0%         N/A       100%        2
 Ignite Poison            Fire/Tmut/Pois 0%         N/A       100%        3
 Stone Arrow              Conj/Erth      0%         3d7       100%        3
 Swiftness                Air            0%         N/A       100%        3
 Sticky Flame             Conj/Fire      0%         2d3       100%        4
 Ignition                 Fire           0%         3d3       100%        8
 Lehudib's Crystal Spear  Conj/Erth      0%         10d2      100%        8
 Animate Armour           Summ/Erth      Unusable   N/A       N/A         4

Dungeon Overview and Level Annotations

Branches:
Dungeon (8/15)             Temple (0/1) D:6            Lair (0/5) D:8

Altars:
Nemelex Xobeh
Okawaru
Ru
Vehumet
Wu Jian
Xom

Annotations:
D:7 3 runed translucent doors, GoblinPMC's ghost, novice MiBe


Innate Abilities, Weirdness & Mutations

You have a pair of horns on your head.
You are hated by all.
You reflexively headbutt those who attack you in melee.
You cannot voluntarily change form.


Message History

Barbed spikes become lodged in your body.
The red devil hits you but does no damage.
You closely miss the red devil.
The red devil is moderately wounded.
The red devil closely misses you.
The red devil hits you from afar with a +0 spear!
Barbed spikes become lodged in your body.
The red devil blocks your attack.
The red devil is moderately wounded.
The red devil is stunned by your conviction and fails to attack.
The red devil hits you from afar with a +0 spear.
Barbed spikes become lodged in your body.
You hit the red devil but do no damage. Your headbutt misses the red devil.
The red devil is moderately wounded.
The orc warrior hits you from afar with a +0 trident!
The red devil hits you with a +0 trident!
* * * LOW HITPOINT WARNING * * *
Barbed spikes become lodged in your body.
The red devil closely misses you.
Okay, then.
You feel very mighty all of a sudden. The orc warrior barely misses you.
The red devil hits you with a +0 trident!
* * * LOW HITPOINT WARNING * * *
Barbed spikes become lodged in your body.
The red devil hits you but does no damage.
Okay, then.
Okay, then.
It was a potion of invisibility.
You fade into invisibility!
The orc warrior barely misses you.
The red devil hits you with a +0 trident!
* * * LOW HITPOINT WARNING * * *
Barbed spikes become lodged in your body.
The red devil throws a boomerang.
The boomerang hits the red devil!
It was a potion of degeneration.
There was something very wrong with that liquid.
You feel weakened.
You feel dopey.
You feel clumsy.
The orc warrior hits you from afar with a +0 trident!
You die...

...#.# #.........# #.# ####.#
##........# #.# #.# #........#
#.# #.# ##.......# #.# #.#
#.......# #)# #.# #.......# #.#
####.# #.......# ####### #.#
.....# #.......# #.....# #.#
###### ######.@#####.....# #.#
###############.44.##.....####..
#................o..'..^..'.....
#.####...........#)##.....##....
##.# #..............)...........
##.# #...........#########.#.###
##.# #...........# #...##. ##.#
#######'##### ###.##. [..######
#.# #....


You could see 2 red devils and an orc warrior (unable to see you).

Vanquished Creatures
  A hornet (D:8)
  Sigmund (D:5)
  A wyvern (D:8)
  Eustachio (D:6)
  A steam dragon (D:6)
  Menkaure (D:6)
  2 sky beasts
  An orc warrior (D:8)
  2 ogres
  2 black bears
  A centaur (D:5)
  2 phantoms
  A scorpion (D:6)
  A bullfrog (D:7)
  A gnoll sergeant (D:6)
  3 wights (D:6)
  A howler monkey (D:5)
  3 hounds (D:5)
  4 jellies
  2 orc priests
  A sleepcap (D:8)
  2 iguanas (D:5)
  6 orc wizards
  4 gnolls (D:6)
  8 adders
  A shadow imp (D:7)
  2 white imps (D:7)
  4 worms
  4 dart slugs
  32 orcs
  7 endoplasms
  2 giant cockroaches
  8 goblins
  5 hobgoblins
  8 jackals
  7 kobolds
  4 quokkas
  5 ball pythons
  5 bats
  2 frilled lizards
  3 rats (D:1)
152 creatures vanquished.

Vanquished Creatures (collateral kills)
  An ogre (D:5)
1 creature vanquished.

Vanquished Creatures (others)
  A wight (D:6)
  A gnoll (D:6)
2 creatures vanquished.

Grand Total: 155 creatures vanquished

Notes
Turn   | Place    | Note
-------+----------+-------------------------------------------
     0 | D:1      | TrayleKats the Minotaur Fighter began the quest for the
                  | Orb.
     0 | D:1      | Reached XP level 1. HP: 19/19 MP: 0/0
    36 | D:1      | Reached skill level 3 in Axes
    53 | D:1      | Reached XP level 2. HP: 24/27 MP: 1/1
   960 | D:2      | Reached XP level 3. HP: 33/33 MP: 2/2
   997 | D:2      | Reached skill level 4 in Axes
  1512 | D:3      | Found a sacrificial altar of Ru.
  1595 | D:3      | Became a worshipper of Ru the Awakened
  1664 | D:3      | Reached XP level 4. HP: 41/41 MP: 3/3
  1957 | D:3      | Found a faded altar of an unknown god.
  2425 | D:4      | Reached skill level 5 in Axes
  2428 | D:4      | Reached skill level 5 in Fighting
  2428 | D:4      | Reached XP level 5. HP: 37/48 MP: 4/4
  2760 | D:4      | Found a radiant altar of Vehumet.
  3341 | D:4      | Gained mutation: You are hated by all. [Ru sacrifice]
  3341 | D:4      | Reached * piety under Ru
  3651 | D:4      | Reached skill level 6 in Axes
  3660 | D:4      | Noticed a black bear
  3675 | D:4      | Killed a black bear
  3676 | D:4      | Reached XP level 6. HP: 46/56 MP: 5/5
  3914 | D:5      | Entered Level 5 of the Dungeon
  4008 | D:5      | Reached skill level 7 in Axes
  4087 | D:5      | Found an ornate altar of the Wu Jian Council.
  4183 | D:5      | Found a sparkling altar of Nemelex Xobeh.
  4228 | D:5      | Found an iron altar of Okawaru.
  4262 | D:5      | Reached XP level 7. HP: 63/63 MP: 6/6
  4336 | D:5      | Noticed Sigmund
  4341 | D:5      | Reached skill level 8 in Axes
  4352 | D:5      | Killed Sigmund
  4353 | D:5      | Reached skill level 1 in Throwing
  5181 | D:5      | Found a shimmering altar of Xom.
  5260 | D:6      | Reached skill level 9 in Axes
  5260 | D:6      | Reached XP level 8. HP: 65/73 MP: 7/7
  5320 | D:6      | Noticed Menkaure
  5351 | D:6      | Killed Menkaure
  5467 | D:6      | Found a staircase to the Ecumenical Temple.
  5526 | D:6      | Reached skill level 10 in Axes
  5928 | D:6      | Noticed Eustachio
  5944 | D:6      | Killed Eustachio
  6214 | D:7      | Gained mutation: You cannot voluntarily change form. [Ru
                  | sacrifice]
  6214 | D:7      | Reached ** piety under Ru
  6224 | D:7      | Noticed GoblinPMC's ghost (novice MiBe)
  6225 | D:7      | Found a runed translucent gate.
  6226 | D:7      | Identified the +4 plate armour of the Guardian {Fly rC-
                  | Dex+3}
  6227 | D:7      | Found a runed translucent gate.
  6228 | D:7      | Found a runed translucent gate.
  6346 | D:7      | Reached XP level 9. HP: 48/82 MP: 8/8
  6349 | D:7      | Reached skill level 11 in Axes
  7137 | D:8      | Found a staircase to the Lair.
  7366 | D:8      | Identified the +8 flail of Charity {freeze, *Rage rF+
                  | Dex+3}
  7378 | D:8      | Paralysed by a hornet for 1 turns
  7383 | D:8      | Reached skill level 5 in Throwing
  7571 | D:8      | Noticed a red devil
  7571 | D:8      | Noticed a red devil
  7601 | D:8      | Slain by an orc warrior

Illustrated notes

Levels and vault maps discovered:
D:1:      sevenhm_arrival_forest_fort_small_4, layout_loops_ring
D:2:      layout_basic, serial_glass, glass_columns_c, glass_columns_b,
          chequers_mini_garden, glass_columns_b, minmay_distorted
D:3:      layout_loops_corners, mainiacjoe_overflow_brackets,
          chequers_ecumenical_altar_twisty
D:4:      layout_loops_corners, kennysheep_mini_moat, minmay_misc_feat_alley,
          dreamdust_princess_corridor, nicolae_zig_zag_zippers
D:5:      cheibrodos_quashed, layout_loops_corners,
          mainiacjoe_overflow_concentric_impassable, nemelex_spade_bored_becter,
          lemuel_tele_altar, mainiacjoe_overflow_24_doors, uniq_sigmund
D:6:      layout_rooms, minmay_temple_entry_glassed_door, uniq_eustachio,
          uniq_menkaure
D:7:      statuecave_lemuel, layout_basic, biasface_ghost_orc_armoury,
          kennysheep_small_square
D:8:      layout_basic, lair_entry_dummy, einodemon_armed_red_devil_minivault

Skill      XL: |  1  2  3  4  5  6  7  8  9 |
---------------+----------------------------+-----
Axes           | 3 4 5 6 7 9 10 11 | 11.9
Fighting       | 4 5 6 7 8 9 |  9.1
Throwing       | 2 4 5 |  5.1
Armour         | |  3.6
Shields        | |  3.6

Action                     |  1- 3 |  4- 6 |  7- 9 || total
---------------------------+-------+-------+-------++-------
  Melee: War axe           |    91 |   124 |   204 ||   419
         Headbutt          |     8 |    16 |    34 ||    58
  Throw: Dart              |       |       |     4 ||     4
         Boomerang         |       |       |     3 ||     3
 Invoke: Sacrifice Love    |       |     1 |       ||     1
         Sacrifice Forms   |       |       |     1 ||     1
  Evoke: Wand              |       |       |     1 ||     1
    Use: Potion            |       |       |     3 ||     3
   Stab: Paralysed         |       |       |     3 ||     3
 Armour: Scale mail        |    28 |       |       ||    28
         Chain mail        |    25 |    78 |       ||   103
         Plate armour      |       |    20 |   198 ||   218
  Dodge: Dodged            |    43 |    46 |    59 ||   148
  Block: Buckler           |    15 |    17 |    38 ||    70

Table legend: (Time is in decaauts)
 A = Elapsed time spent in this place.
 B = Non-inter-level travel time spent in this place.
 C = Inter-level travel time spent in this place.
 D = Time resting spent in this place.
 E = Time spent auto-exploring this place.
 F = Levels seen in this place.
 G = Mean time per level.
                   A        B        C        D        E       F      G
               +--------+--------+--------+--------+--------+-----+--------+
         Total |   7676 |   7472 |    204 |   1002 |   5270 |   8 |  959.5 |
       Dungeon |   7676 |   7472 |    204 |   1002 |   5270 |   8 |  959.5 |
               +--------+--------+--------+--------+--------+-----+--------+

Top non-repeatable levels by time:
     D:4: 1562 daAuts
     D:5: 1515 daAuts
     D:7: 955 daAuts
     D:3: 892 daAuts
     D:2: 762 daAuts
     D:1: 756 daAuts
     D:8: 622 daAuts
     D:6: 610 daAuts
